 Dungeon Crawl Stone Soup version 0.31-a0-986-g5e6e4ef867 (webtiles) character file.

Game seed: 15458730041345799885

12160 fleeber the Bludgeoner (level 11, -2/80 HPs)
             Began as a Gargoyle Fighter on Nov 22, 2023.
             Was a High Priest of Okawaru.
             Slain by a hell rat (12 damage)
             ... on level 11 of the Dungeon.
             The game lasted 00:41:59 (12446 turns).

fleeber the Bludgeoner (Gargoyle Fighter)          Turns: 12446, Time: 00:42:00

Health: -2/80      AC: 22    Str: 24    XL:     11   Next: 89%
Magic:  10/11      EV: 11    Int:  9    God:    Okawaru [*****.]
Gold:   555        SH: 10    Dex:  9    Spells: 10/10 levels left

rFire   + + .        S - +2 morningstar (flame)
rCold   . . .        c - +0 buckler
rNeg    + . .        V - +2 scale mail {rF+}
rPois   ∞            (no helmet)
rElec   +            C - +0 cloak
rCorr   +            k - +0 pair of gloves
SInv    .            n - +0 pair of boots
Will    .....        F - amulet of reflection
Stlth   +            D - ring of resist corrosion
HPRegen 0.33/turn    U - ring of protection from fire
MPRegen 0.12/turn

%: reflection
@: heroic, hasted, very quick
A: sickness immunity, AC +8, negative energy resistance 1, electricity
resistance, torment resistance 1, petrification resistance
a: Renounce Religion, Heroism, Finesse, Duel


You were on level 11 of the Dungeon.
You worshipped Okawaru.
Okawaru was extremely pleased with you.
You visited 3 branches of the dungeon, and saw 13 of its levels.
You also visited: Sewer.

You collected 555 gold pieces.

Inventory:

Hand Weapons
 S - a +2 morningstar of flaming (weapon)
Missiles
 b - 22 poisoned darts (quivered)
 l - 98 stones
 t - a throwing net
 y - 8 boomerangs
 T - a silver javelin
Armour
 c - a +0 buckler (worn)
 k - a +0 pair of gloves (worn)
 n - a +0 pair of boots (worn)
 C - a +0 cloak (worn)
 V - a +2 scale mail of fire resistance (worn)
Magical Staves
 e - a staff of earth
Jewellery
 D - a ring of resist corrosion (left hand)
 F - an amulet of reflection (around neck)
 O - a ring of positive energy
 Q - a ring of see invisible
 U - a ring of protection from fire (right hand)
Wands
 H - a wand of iceblast (12)
 I - a wand of paralysis (1)
 L - a wand of flame (23)
 N - a wand of quicksilver (23)
Scrolls
 f - a scroll of brand weapon
 g - 2 scrolls of torment
 i - 3 scrolls of teleportation
 q - a scroll of amnesia {unknown}
 r - 3 scrolls of immolation
 u - a scroll of fear {unknown}
 x - a scroll of butterflies {unknown}
 B - 2 scrolls of enchant weapon {unknown}
 G - 2 scrolls of fog
 J - a scroll of poison {unknown}
 K - 4 scrolls of revelation {unknown}
 P - a scroll of vulnerability {unknown}
 R - a scroll of blinking {unknown}
Potions
 a - a potion of enlightenment {unknown}
 d - a potion of might
 h - 7 potions of curing
 j - 3 potions of mutation
 o - 2 potions of ambrosia {unknown}
 p - 3 potions of cancellation
 s - 3 potions of brilliance
 v - 2 potions of resistance {unknown}
 z - a potion of haste
 A - a potion of lignification {unknown}
 E - 2 potions of attraction
 M - a potion of degeneration {unknown}


   Skills:
 - Level 14.5(19.5) Fighting
 + Level 15.9(20.9) Maces & Flails
 - Level 3.2(8.2) Armour
 - Level 3.2(8.2) Shields


You had 10 spell levels left.
You didn't know any spells.
Your spell library contained the following spells:

 Spells                   Type           Power      Damage    Failure   Level
 Freeze                   Ice            0%         1d3       71%         1
 Shock                    Conj/Air       0%         1d3       71%         1
 Dazzling Flash           Conj/Hex       0%         N/A       97%         3
 Frozen Ramparts          Ice            0%         1d1       97%         3
 Hailstorm                Conj/Ice       0%         3d3       97%         3
 Swiftness                Air            0%         N/A       97%         3
 Airstrike                Air            0%         2d(0-16)  100%        4
 Petrify                  Tmut/Erth      0%         N/A       100%        4
 Agony                    Necr           0%         N/A       100%        5
 Irradiate                Conj/Tmut      0%         3d11      100%        5
 Silence                  Hex/Air        0%         N/A       100%        5
 Sublimation of Blood     Necr           Unusable   N/A       N/A         2

Dungeon Overview and Level Annotations

Branches:
Dungeon (11/15)            Temple (1/1) D:6            Lair (1/5) D:11
    Orc (0/2) D:10          Sewer (visited)

Altars:
Ashenzari
Cheibriados
Dithmenos
Elyvilon
Fedhas
Gozag
Hepliaklqana
Kikubaaqudgha
Makhleb
Nemelex Xobeh
Okawaru
Qazlal
Ru
Sif Muna
Trog
Uskayaw
Vehumet
Wu Jian
Xom
Yredelemnul
Zin
The Shining One

Shops:
D:2 =   D:4 *   D:11 =

Annotations:
D:6 Jeremiah
D:7 2 transporters


Innate Abilities, Weirdness & Mutations

You are immune to sickness and miasma.
Your stone body is resilient. (AC +8)
You are immune to poison.
You resist negative energy. (rN+)
You are resistant to electric shocks. (rElec)
You are resistant to unholy torment.
You are immune to petrification.


Message History

You bludgeon the yak!! You burn the yak.
You kill the yak!
Okawaru accepts your kill. The hell rat barely misses you.
The hell rat bites you but does no damage.
You puncture the yak! You burn the yak.
The yak is heavily wounded.
You block the hell rat's attack. The yak gores you but does no damage.
You hit the yak but do no damage.
The yak is heavily wounded.
You block the hell rat's attack.
The hell rat bites you but does no damage.
You impale the yak!! You burn the yak.
You kill the yak!
Okawaru accepts your kill. You block the hell rat's attack.
You hit the hell rat. You burn the hell rat.
The hell rat is moderately wounded.
You block the hell rat's attack. x3
You hit the hell rat. You burn the hell rat.
The hell rat is heavily wounded.
You puncture the hell rat! You burn the hell rat.
You kill the hell rat!
Okawaru accepts your kill. The hell rat misses you.
You block the hell rat's attack.
You closely miss the hell rat. The hell rat bites you.
* * * LOW HITPOINT WARNING * * *
You block the hell rat's attack.
You hit the hell rat but do no damage. You thump the hell rat!
You burn the hell rat.
The hell rat is severely wounded.
The hell rat closely misses you.
The hell rat bites you but does no damage.
You closely miss the hell rat.
The hell rat is severely wounded.
You bludgeon the hell rat!! You burn the hell rat.
You kill the hell rat!
Okawaru accepts your kill. The hell rat bites you!
You die...

.# #.#..###........#.#.s.#..). .#
#..........#..#.#.#...#..#. .#
####.......#..#.###.#.#..#. .#
######.......# #h..#..#. .#
######### #g..#..#. .# #...#
#g#.#..#. ## ##### ##..#
####...#..#. #...#
#††####...####..#. #.#.#
#@†#....#.# #..'.
####...######†r#.#..#.# #..#.
####...........#..#......####..#.
...............##'#.........####.
..#..#.......†......#....#.......
........#...##..##..#........#...
......)..........................
#################################


You could see a hell rat.

Vanquished Creatures
  2 two-headed ogres
  Urug (D:11)
  A skyshark (shapeshifter) (D:11)
  Pikel (D:6)
  Maurice (D:8)
  A manticore (D:8)
  Joseph (D:7)
  A komodo dragon (D:8)
  A meliai (D:8)
  A troll (D:11)
  Sigmund (D:3)
  A wyvern (D:10)
  2 steam dragons
  A wraith (D:9)
  17 yaks
  Grum (D:8)
  3 vampire mosquitoes (D:10)
  3 acid dragons (D:11)
  2 water moccasins
  Pargi (Sewer)
  An orc warrior (D:6)
  An ice beast (D:7)
  2 sky beasts (D:7)
  2 black bears
  5 boggarts
  4 centaurs
  2 wolves
  A lemure (D:6)
  A phantom (D:7)
  A kobold brigand (D:8)
  4 bullfrogs
  2 gnoll sergeants
  5 wights (D:10)
  8 killer bees
  2 howler monkeys
  2 jellies
  2 orc priests
  3 hounds
  A sleepcap (D:5)
  3 gnoll boudas
  6 iguanas
  7 orc wizards
  3 hell rats (D:11)
  20 gnolls
  3 adders
  2 white imps (D:5)
  2 worms (D:5)
  3 dart slugs
  25 orcs
  3 bats
  6 endoplasms
  5 giant cockroaches
  12 goblins
  4 hobgoblins
  2 jackals (Sewer)
  13 kobolds
  5 quokkas
  5 ball pythons
  6 frilled lizards
  4 rats
231 creatures vanquished.

Vanquished Creatures (others)
  A kobold (D:8)
1 creature vanquished.

Grand Total: 232 creatures vanquished

Notes
Turn   | Place    | Note
-------+----------+-------------------------------------------
     0 | D:1      | fleeber the Gargoyle Fighter began the quest for the Orb.
     0 | D:1      | Reached XP level 1. HP: 14/14 MP: 1/1
   208 | D:1      | Reached XP level 2. HP: 19/19 MP: 2/2
   314 | D:1      | Reached skill level 3 in Maces & Flails
   518 | D:1      | Reached XP level 3. HP: 23/23 MP: 3/3
  1101 | D:2      | Found Cigobray's Jewellery Boutique.
  1575 | D:2      | Reached skill level 4 in Maces & Flails
  1884 | D:3      | Found a snail-covered altar of Cheibriados.
  1935 | D:3      | Reached XP level 4. HP: 26/29 MP: 4/4
  2153 | D:3      | Reached skill level 5 in Fighting
  2153 | D:3      | Reached XP level 5. HP: 35/35 MP: 5/5
  2213 | D:3      | Found a faded altar of an unknown god.
  2301 | D:3      | Found a glowing silver altar of Zin.
  2466 | D:3      | Noticed Sigmund
  2489 | D:3      | Killed Sigmund
  2490 | D:3      | Reached skill level 5 in Maces & Flails
  2490 | D:3      | Reached XP level 6. HP: 31/42 MP: 6/6
  2535 | D:3      | Found a shimmering blue altar of Sif Muna.
  2640 | D:3      | Found a basalt altar of Yredelemnul.
  2741 | D:3      | Identified the +4 ring mail of Minor Irritation {rF- rC+
                  | rN+ Str+4}
  3130 | D:4      | Noticed a black bear
  3303 | D:4      | Reached XP level 7. HP: 48/48 MP: 7/7
  3413 | D:4      | Found a broken altar of Ashenzari.
  3515 | D:4      | Reached skill level 6 in Maces & Flails
  3761 | D:4      | Found Xischaf's Elemental Accessories.
  4026 | D:5      | Entered Level 5 of the Dungeon
  4182 | D:5      | Found a bloodstained altar of Trog.
  4431 | D:5      | Found a burning altar of Makhleb.
  4516 | D:5      | Found a glowing drain.
  4529 | Sewer    | Entered a sewer
  4582 | Sewer    | Noticed Pargi
  4595 | Sewer    | Killed Pargi
  4693 | D:6      | Found a staircase to the Ecumenical Temple.
  4699 | D:6      | Noticed Jeremiah
  4952 | D:5      | Reached skill level 7 in Maces & Flails
  4952 | D:5      | Reached XP level 8. HP: 54/56 MP: 8/8
  5203 | D:6      | Noticed Pikel
  5268 | D:6      | Reached skill level 10 in Fighting
  5365 | Temple   | Entered the Ecumenical Temple
  5374 | Temple   | Became a worshipper of Warmaster Okawaru
  5401 | D:6      | Killed Pikel
  5401 | D:6      | Reached * piety under Okawaru
  5402 | D:6      | Reached skill level 8 in Maces & Flails
  5606 | D:6      | Reached XP level 9. HP: 62/65 MP: 9/9
  5761 | D:7      | Found a transporter.
  5767 | D:7      | Found a transporter.
  5768 | D:7      | Noticed a cyan ugly thing
  5771 | D:7      | Noticed a manticore
  5793 | D:7      | Reached ** piety under Okawaru
  6018 | D:7      | Noticed a kobold demonologist
  6137 | D:7      | Reached skill level 9 in Maces & Flails
  6159 | D:7      | Noticed Joseph
  6171 | D:7      | Killed Joseph
  6425 | D:7      | Reached *** piety under Okawaru
  6426 | D:7      | Reached skill level 10 in Maces & Flails
  6577 | D:8      | Noticed Grum
  6871 | D:8      | Reached XP level 10. HP: 75/76 MP: 10/10
  7054 | D:8      | Found a shadowy altar of Dithmenos.
  7199 | D:8      | Killed Grum
  7202 | D:8      | Reached skill level 11 in Maces & Flails
  8077 | D:8      | Identified the +0 ring mail "Exuomesm" {rElec}
  8103 | D:8      | Noticed Maurice
  8110 | D:8      | Noticed a manticore
  8112 | D:8      | Maurice stole 82 stones
  8114 | D:8      | Maurice stole a staff of earth
  8116 | D:8      | Killed Maurice
  8116 | D:8      | Reached **** piety under Okawaru
  8271 | D:8      | Killed a manticore
  8272 | D:8      | Reached skill level 12 in Maces & Flails
  9041 | D:9      | Noticed a white ugly thing
  9340 | D:10     | Entered Level 10 of the Dungeon
  9434 | D:10     | Found a staircase to the Orcish Mines.
  9458 | D:10     | Found a sparkling altar of Nemelex Xobeh.
  9643 | D:10     | Reached skill level 13 in Maces & Flails
  9666 | D:10     | Reached XP level 11. HP: 78/80 MP: 11/11
  9676 | D:10     | Noticed a two-headed ogre
  9685 | D:10     | Killed a two-headed ogre
  9685 | D:10     | Reached ***** piety under Okawaru
  9947 | D:9      | Reached skill level 14 in Maces & Flails
 10351 | D:10     | Found a white marble altar of Elyvilon.
 10782 | D:11     | Found Gatrir's Jewellery Boutique.
 11051 | D:11     | Noticed a two-headed ogre
 11056 | D:11     | Killed a two-headed ogre
 11057 | D:11     | Reached skill level 15 in Maces & Flails
 11460 | D:11     | Noticed Urug
 11468 | D:11     | Killed Urug
 11468 | D:11     | Received a gift from Okawaru
 11567 | D:11     | Found a staircase to the Lair.
 11967 | D:11     | Noticed a two-headed ogre
 12001 | D:11     | Noticed a white ugly thing
 12012 | D:11     | Noticed a cyclops
 12174 | D:11     | Noticed a red ugly thing
 12292 | D:11     | Noticed an anaconda
 12295 | D:11     | an anaconda changed into a skyshark
 12295 | D:11     | Noticed a skyshark (shapeshifter)
 12303 | D:11     | Killed a skyshark
 12379 | Lair:1   | Entered Level 1 of the Lair of Beasts
 12446 | D:11     | Slain by a hell rat

Illustrated notes

Levels and vault maps discovered:
D:1:      ldierk_walled_garden_2, layout_loops_corners
D:2:      layout_basic, serial_shops, shop
D:3:      layout_basic, zin_treasury, yredelemnul_altar_generic,
          mainiacjoe_overflow_alcove_2, cheibriados_altar_1,
          hellmonk_ecumenical_altar_arch_garden, corexii_corridor_pit,
          item_on_display_a, uniq_sigmund
D:4:      layout_basic, lemuel_doored_altar, nicolae_eternal_life,
          nicolae_elemental_shop, minmay_misc_feat_rows, nicolae_zig_zag_zippers
D:5:      layout_rooms, kennysheep_mini, lemuel_crystal_altar,
          cheibrodos_sewer_entry_bend
D:6:      layout_gridville, minmay_temple_entry_mini_moons, grunt_ministairs_9,
          uniq_pikel, uniq_jeremiah
D:7:      gammafunk_the_bubble [the_bubble_gammafunk_plus_minus],
          layout_loops_ring, uniq_joseph
D:8:      layout_basic, mainiacjoe_overflow_catwalk, wad_mini_maze,
          uniq_maurice, uniq_grum
D:9:      layout_gridville
D:10:     layout_irregular_city, mainiacjoe_overflow_surrounded_room,
          lemuel_crystal_altar, orc_0_dummy
D:11:     layout_stronghold, lair_entry_dummy, serial_shops,
          nicolae_shop_tiny_glass, uniq_urug
Temple:   hc_temple_tempest_star
Lair:1:   layout_regular_city, st_stairs_13, lemuel_old_faithful

Skill      XL: |  1  2  3  4  5  6  7  8  9 10 11 |
---------------+----------------------------------+-----
Maces & Flails | 3 4 5 7 8 10 13 15 | 15.9
Fighting       | 5 6 7 9 11 14 | 14.5
Armour         | |  3.2
Shields        | |  3.2

Action                     |  1- 3 |  4- 6 |  7- 9 | 10-12 || total
---------------------------+-------+-------+-------+-------++-------
  Melee: Flail             |   142 |    18 |       |       ||   160
         Morningstar       |       |    77 |   309 |   332 ||   718
  Throw: Dart              |       |       |       |     1 ||     1
 Invoke: Heroism           |       |       |       |     3 ||     3
  Evoke: Wand              |       |       |     2 |    10 ||    12
    Use: Scroll            |       |       |    10 |     7 ||    17
         Potion            |       |       |       |     5 ||     5
   Stab: Paralysed         |       |       |    11 |       ||    11
 Armour: Scale mail        |   112 |    18 |       |    77 ||   207
         Chain mail        |       |    40 |   254 |   275 ||   569
  Dodge: Dodged            |    61 |    32 |   105 |   137 ||   335
  Block: Buckler           |    31 |    16 |   151 |   198 ||   396
         Reflection        |       |       |     6 |     1 ||     7

Table legend: (Time is in decaauts)
 A = Elapsed time spent in this place.
 B = Non-inter-level travel time spent in this place.
 C = Inter-level travel time spent in this place.
 D = Time resting spent in this place.
 E = Time spent auto-exploring this place.
 F = Levels seen in this place.
 G = Mean time per level.
                   A        B        C        D        E       F      G
               +--------+--------+--------+--------+--------+-----+--------+
         Total |  12531 |  11856 |    675 |   1554 |   7369 |  14 |  895.1 |
       Dungeon |  12377 |  11718 |    659 |   1554 |   7322 |  11 | 1125.2 |
        Temple |     18 |      2 |     16 |      0 |      0 |   1 |   18.0 |
          Lair |      4 |      4 |      0 |      0 |      0 |   1 |    4.0 |
         Sewer |    130 |    130 |      0 |      0 |     46 |   1 |  130.0 |
               +--------+--------+--------+--------+--------+-----+--------+

Top non-repeatable levels by time:
     D:8: 1852 daAuts
    D:11: 1439 daAuts
    D:10: 1311 daAuts
     D:3: 1156 daAuts
     D:4: 1130 daAuts
     D:1: 1091 daAuts
     D:9: 1069 daAuts
     D:7: 982 daAuts
     D:6: 832 daAuts
     D:2: 762 daAuts
     D:5: 749 daAuts
   Sewer: 130 daAuts
  Temple: 18 daAuts
  Lair:1: 4 daAuts
